 Dungeon Crawl Stone Soup version 0.17.0-28-g6e173f8 (webtiles) character file.

101 gorblad the Skirmisher (level 4, -1/42 HPs)
             Began as a Hill Orc Gladiator on Dec 3, 2015.
             Was an Initiate of Okawaru.
             Killed from afar by Sigmund (3 damage)
             ... with a puff of flame
             ... on level 3 of the Dungeon.
             The game lasted 00:07:52 (2494 turns).

gorblad the Skirmisher (Hill Orc Gladiator)         Turns: 2494, Time: 00:07:52

Health: -1/42      AC:  5    Str: 18    XL:     4   Next: 75%
Magic:  4/4        EV: 12    Int:  8    God:    Okawaru [......]
Gold:   110        SH:  0    Dex: 11    Spells: 0 memorised, 3 levels left

rFire  . . .     SeeInvis .     a - +0 trident
rCold  . . .     Clarity  .     b - +0 leather armour
rNeg   . . .     SustAt   .     (no shield)
rPois  .         Gourm    .     c - +0 helmet
rElec  .         Spirit   .     r - +0 cloak
rCorr  .         Warding  .     (no gloves)
rMut   .         Stasis   .     (no boots)
MR     .....                    (no amulet)
Stlth  +.........               (no ring)
                                (no ring)

@: not resistant to hostile enchantments, very unstealthy
A: no striking features
a: Renounce Religion


You were on level 3 of the Dungeon.
You worshipped Okawaru.
Okawaru was noncommittal.
You were not hungry.

You visited 1 branch of the dungeon, and saw 3 of its levels.

You collected 110 gold pieces.

Inventory:

Hand Weapons
 a - a +0 trident (weapon)
Missiles
 d - 2 throwing nets (quivered)
 l - 4 javelins of penetration
Armour
 b - a +0 leather armour (worn)
 c - a +0 helmet (worn)
 r - a +0 cloak (worn)
Scrolls
 j - a scroll of remove curse
 n - a scroll of enchant armour {unknown}
 o - 2 scrolls of identify
 p - a scroll of teleportation {unknown}
 t - a scroll of amnesia {unknown}
 u - a scroll of random uselessness {unknown}
Potions
 f - a potion of agility
 g - a potion of cure mutation
 h - 2 potions of might {unknown}
 m - a potion of flight {unknown}
 q - a potion of ambrosia {unknown}
 v - a potion of degeneration {unknown}
Books
 w - a book of Annihilations

   Spells                             Type                      Level
   a - Poison Arrow                   Conjuration/Poison           6
   b - Chain Lightning                Conjuration/Air              8
   c - Lehudib's Crystal Spear        Conjuration/Earth            8
   d - Glaciate                       Conjuration/Ice              9
   e - Fire Storm                     Conjuration/Fire             9
Comestibles
 e - 2 bread rations
 i - 4 beef jerkies
 k - a slice of pizza
 s - 3 chunks of flesh


   Skills:
 - Level 5.1 Fighting
 - Level 3.2 Polearms
 - Level 1.7 Throwing
 + Level 3.0 Dodging


You had 3 spell levels left.
You didn't know any spells.

Dungeon Overview and Level Annotations

Branches:
Dungeon (3/15)

Altars:
Okawaru

Annotations:
D:3 Sigmund


Message History

* * * LOW HITPOINT WARNING * * *
You closely miss something.
You feel less confused. Something hits you but does no damage.
You barely miss something. You closely miss something.
You hear some strange, mumbled words.
Something tries to affect you, but you resist.
You barely miss something.
You hear some strange, mumbled words.
A magic dart appears from out of thin air!
The magic dart hits you!
* * * LOW HITPOINT WARNING * * *
Something hits you but does no damage.
You barely miss something. You miss something.
You hear some strange, mumbled words.
A puff of flame appears from out of thin air!
The puff of flame hits you!
You die...

....... #........
#......[.
#........
#######........
#..............
##..............
#...............
#.......@.......
#.......{########
+........'$......
#........########
#........#
#........#####
#............#
#............#
#######......#
.##.#


There were no monsters in sight!

Vanquished Creatures
  2 adders (D:2)
  An ooze (D:3)
  3 worms
  3 giant geckos
  2 orcs (D:3)
  2 ball pythons (D:1)
  9 bats
  A giant cockroach (D:2)
  12 hobgoblins
  7 jackals
  5 kobolds
  3 giant newts
  5 goblins
  2 quokkas
  8 rats
65 creatures vanquished.

Notes
Turn   | Place    | Note
--------------------------------------------------------------
     0 | D:1      | gorblad the Hill Orc Gladiator began the quest for the Orb.
     0 | D:1      | Reached XP level 1. HP: 18/18 MP: 1/1
   246 | D:1      | Reached XP level 2. HP: 20/26 MP: 2/2
   556 | D:1      | Reached skill level 4 in Fighting
   556 | D:1      | Reached XP level 3. HP: 19/33 MP: 3/3
  1301 | D:2      | Found an iron altar of Okawaru.
  1496 | D:2      | Became a worshipper of Warmaster Okawaru
  1514 | D:2      | Reached skill level 5 in Fighting
  1514 | D:2      | Reached XP level 4. HP: 15/42 MP: 4/4
  2445 | D:3      | Noticed Sigmund
  2492 | D:3      | HP: 2/42 [something/magic dart (6)]
  2494 | D:3      | Killed from afar by Sigmund

Action                   |  1- 3 |  4- 6 || total
-------------------------+-------+-------++-------
Melee: Trident           |   142 |   123 ||   265
Throw: Throwing net      |     4 |       ||     4
  Use: Scroll            |     2 |       ||     2
       Potion            |       |     1 ||     1
 Stab: Sleeping          |     1 |       ||     1
  Eat: Chunk             |     2 |     3 ||     5
